[Event "*** Titled Tuesday 3|2 Blitz"]
[Site "Chess.com"]
[Date "2015.05.05"]
[Round "2"]
[White "MattyDPerrine"]
[Black "desxmchna"]
[Result "1-0"]
[WhiteElo "2250"]
[BlackElo "2141"]
[TimeControl "180+2"]
[EndTime "11:18:45 PDT"]
[Termination "MattyDPerrine won by resignation"]

1. d4 Nf6 2. Nf3 g6 3. c4 Bg7 4.
g3 O-O 5. Bg2 d6 6. O-O Nc6 7.
Nc3 a6 8. h3 Bd7 9. e4 Qc8 10.
Kh2 e5 11. Be3 Nh5 12. Nd5 Kh8 13. g4 exd4 14. Nxd4 Nf6 15. Nxc6 bxc6 16. Nxf6 Bxf6 17. Bd4 Bxd4 18. Qxd4+ Kg8 19. c5 Be6 20. cxd6 Rd8 21. e5 cxd6 22. exd6 Ra7 23. Qxa7 Rxd6 24. Rfd1 Bd5 25.
Bxd5 cxd5 26. Rac1 Qe6 27. Qd4 Qf6 28. Qxf6 Re6 29.
Rc8+ 1-0

[Event "*** Titled Tuesday 3|2 Blitz"]
[Site "Chess.com"]
[Date "2015.05.05"]
[Round "2"]
[White "llamalord42"]
[Black "vinceyoung15"]
[Result "1-0"]
[WhiteElo "2236"]
[BlackElo "2105"]
[TimeControl "180+2"]
[EndTime "11:19:39 PDT"]
[Termination "llamalord42 won by checkmate"]

1. e4 c5 2. Nf3 Nc6 3. Bb5 g6 4. Bxc6 dxc6 5. d3 Bg7 6. h3 Nf6 7. Nc3 Nd7 8. Be3 e5 9. Qd2 h6 10. a3 Qe7 11. Rb1 Nf8 12. b4 Ne6 13. O-O f5 14.
exf5 gxf5 15. Bxc5 Nxc5 16. bxc5 Qxc5 17. d4 exd4 18. Rfe1+ Kf7 19. Ne2 Rd8 20. Qd3 Be6 21. Rxb7+ Kg8 22. Ng3 Qd5 23. Nh5 Bh8 24. Nf4 Qc4 25.
Rxe6 Qxd3 26. Rg6+ Kf8 27. Ne6+ Ke8 28. Rg8# 1-0

[Event "*** Titled Tuesday 3|2 Blitz"]
[Site "Chess.com"]
[Date "2015.05.05"]
[Round "2"]
[White "iFrancisco"]
[Black "salomez"]
[Result "1-0"]
[WhiteElo "2290"]
[BlackElo "2141"]
[TimeControl "180+2"]
[EndTime "11:19:41 PDT"]
[Termination "iFrancisco won by checkmate"]

1. e4 c5 2. Nf3 e6 3. d4 cxd4 4.
Nxd4 Nf6 5. Nc3 Nc6 6. Ndb5 d6 7.
Bf4 e5 8. Bg5 a6 9. Na3 b5 10.
Nd5 Be7 11. Bxf6 Bxf6 12. c4 b4 13. Nc2 Rb8 14. Qd3 O-O 15. Be2 Bg5 16. O-O Be6 17. b3 Rb7 18. Nde3 a5 19. Rad1 Rd7 20. g3 Nb8 21. f4 Bh3 22. fxg5 Bxf1 23. Rxf1 Qxg5 24. Nd5 Na6 25. Qf3 Nc5 26. Nce3 Ne6 27. h4 Qd8 28. Nf5 g6 29. Nf6+ Kh8 30. Nxd7 Qxd7 31.
Nh6 Nd4 32. Qf6# 1-0

[Event "*** Titled Tuesday 3|2 Blitz"]
[Site "Chess.com"]
[Date "2015.05.05"]
[Round "2"]
[White "Kacparov"]
[Black "LyonBeast"]
[Result "1/2-1/2"]
[WhiteElo "2438"]
[BlackElo "2739"]
[TimeControl "180+2"]
[EndTime "11:19:44 PDT"]
[Termination "Game drawn by repetition"]

1. e4 c5 2. Nf3 d6 3. d4 cxd4 4. Qxd4 Nf6 5. Bg5 Nc6 6. Bb5 Qa5+ 7. Nc3 Qxb5 8. Nxb5 Nxd4 9. Nfxd4 Nxe4 10. Nc7+ Kd8 11. Nxa8 Nxg5 12. Nb5 a6 13. Nc3 b5 14. Nb6 Bb7 15. O-O e6 16. a4 Kc7 17. a5 h5 18. h4 Nh7 19. Ne2 d5 20. b3 g5 21.
c4 dxc4 22. bxc4 b4 23. Rfd1 Bc6 24. Nd4 Be8 25. c5 gxh4 26. Rab1 Rg8 27. Rxb4 Nf6 28. Na8+ Kc8 29. Nb6+ Kc7 30. Na8+ Kc8 31. Nb6+ Kc7 32. Na8+ 1/2-1/2

[Event "*** Titled Tuesday 3|2 Blitz"]
[Site "Chess.com"]
[Date "2015.05.05"]
[Round "2"]
[White "jup1978"]
[Black "David_Klein"]
[Result "0-1"]
[WhiteElo "2149"]
[BlackElo "2238"]
[TimeControl "180+2"]
[EndTime "11:19:49 PDT"]
[Termination "David_Klein won by resignation"]

1. e4 Nf6 2. e5 Nd5 3. d4 Nb6 4. c4 d6 5. exd6 cxd6 6. Nc3 g6 7. Be3 Bg7 8. Rc1 O-O 9. b3 Nc6 10. Nf3 Bg4 11. Be2 d5 12. c5 Nc8 13. h3 Bxf3 14. Bxf3 e6 15. O-O N8e7 16. a3 Nf5 17. Ne2 Qa5 18. Ra1 Rad8 19. b4 Qc7 20. b5 Nxe3 21. fxe3 Ne7 22. Qb3 Nf5 23. Rad1 h5 24. a4 Qe7 25.
Nf4 Qg5 26. Rf2 Nxd4 27. exd4 Qxf4 28. Bxh5 Bxd4 29. Rxd4 Qxd4 30. Qg3 Qa1+ 31. Kh2 Qg7 32. Bg4 d4 33. c6 bxc6 34. bxc6 Rc8 35. Qd6 Rfd8 36. Qe7 Qf8 37. Qb7 Qd6+ 38. g3 Rc7 39. Qb1 d3 40. Rf6 Kg7 41. Qf1 d2 42. Rxg6+ fxg6 0-1

[Event "*** Titled Tuesday 3|2 Blitz"]
[Site "Chess.com"]
[Date "2015.05.05"]
[Round "2"]
[White "VSERGUEI"]
[Black "Shankland"]
[Result "1-0"]
[WhiteElo "2454"]
[BlackElo "2493"]
[TimeControl "180+2"]
[EndTime "11:20:06 PDT"]
[Termination "VSERGUEI won by resignation"]

1. d4 d5 2. c4 e6 3. Nc3 Nf6 4. cxd5 exd5 5. Bg5 c6 6. e3 Bf5 7. Qf3 Bg6 8. Bxf6 Qxf6 9. Qxf6 gxf6 10. O-O-O Nd7 11. Bd3 Nb6 12. Nf3 a5 13. Nh4 Bb4 14. g3 Nc8 15. Nf5 a4 16. Kc2 Bxf5 17. Bxf5 Nd6 18. Bd3 f5 19. a3 Bxc3 20. Kxc3 Kd7 21. h4 Ne4+ 22. Bxe4 fxe4 23. h5 h6 24. Rh4 Rhg8 25.
Rf4 Ke6 26. g4 Rg5 27. Rg1 Rag8 28. Kb4 Rxh5 29. Kxa4 Rhg5 30. Rh1 R8g6 31. Ka5 Rxg4 32. Rxg4 Rxg4 33. Rxh6+ f6 34. Rh2 Rg1 35. Kb6 Rb1 36. b4 Rb3 37. Kxb7 Rxa3 38. Kxc6 Rc3+ 39. Kb6 Rc2 40.
b5 Kd6 41. Kb7 Rc7+ 42. Ka6 Rc2 43. Kb6 Rb2 44. Ka6 Kc7 45. Rh7+ Kd6 46. b6 Rxf2 47. b7 Ra2+ 48. Kb6 Rb2+ 49. Ka7 Ra2+ 50. Kb8 Ra3 51. Kc8 Rc3+ 52. Kd8 Rb3 53. Rc7 f5 54. Kc8 f4 55. exf4 e3 56. b8=Q Rxb8+ 57. Kxb8 Ke6 58.
Rc3 1-0

[Event "*** Titled Tuesday 3|2 Blitz"]
[Site "Chess.com"]
[Date "2015.05.05"]
[Round "2"]
[White "Malev212"]
[Black "Azzaro25"]
[Result "0-1"]
[WhiteElo "2183"]
[BlackElo "2304"]
[TimeControl "180+2"]
[EndTime "11:20:07 PDT"]
[Termination "Azzaro25 won by resignation"]

1. e4 c5 2. Nf3 e6 3. d4 cxd4 4. Nxd4 Nc6 5. Nc3 Qc7 6. Be2 Nf6 7. O-O Be7 8. Be3 O-O 9. f4 d6 10. Kh1 Bd7 11. Nb3 a6 12. a4 b6 13. Bd3 Nb4 14.
Qf3 e5 15. f5 Bc6 16. Nd2 Qb7 17. Qg3 Kh8 18. Qh3 b5 19. axb5 axb5 20. Bg5 Rxa1 21. Rxa1 Nxd3 22. cxd3 b4 23. Ne2 d5 24. Ng3 Nxe4 25.
Ndxe4 dxe4 26. f6 gxf6 27. Be3 exd3 28. Ra7 d2 29. Qh5 Bxg2+ 30. Kg1 Bf3 0-1

[Event "*** Titled Tuesday 3|2 Blitz"]
[Site "Chess.com"]
[Date "2015.05.05"]
[Round "2"]
[White "MITerryble"]
[Black "Konavets"]
[Result "1-0"]
[WhiteElo "2514"]
[BlackElo "2427"]
[TimeControl "180+2"]
[EndTime "11:20:16 PDT"]
[Termination "MITerryble won by resignation"]

1. d4 Nf6 2. Nf3 g6 3. Bg5 Bg7 4. Nbd2 O-O 5. c3 d6 6. e4 Nbd7 7. Bc4 e5 8. O-O c6 9. dxe5 Nxe5 10. Nxe5 dxe5 11. a4 Qc7 12. Qe2 h6 13. Be3 Rd8 14. f3 b6 15. Rfd1 Bb7 16. b4 Nh5 17. g3 Rd7 18.
Nb3 Rad8 19. a5 Kh7 20. Rxd7 Rxd7 21. Qf2 b5 22. Be2 a6 23. Bb6 Qc8 24. Nc5 Rd6 25.
Qe1 Bf8 26. Rd1 Nf6 27. Bf1 Nd7 28. Bh3 Rxd1 29. Qxd1 Bxc5+ 30. Bxc5 f5 31. exf5 1-0

[Event "*** Titled Tuesday 3|2 Blitz"]
[Site "Chess.com"]
[Date "2015.05.05"]
[Round "2"]
[White "Zvonokchess"]
[Black "facu57"]
[Result "1-0"]
[WhiteElo "2499"]
[BlackElo "2139"]
[TimeControl "180+2"]
[EndTime "11:20:30 PDT"]
[Termination "Zvonokchess won by resignation"]

1. e4 c6 2. c4 d5 3. cxd5 cxd5 4. exd5 Qxd5 5. Nc3 Qd8 6. d4 e6 7. Nf3 Nf6 8. Bd3 Bd6 9. Bg5 O-O 10. Bc2 Nbd7 11.
Qd3 Qb6 12. O-O Re8 13. Rfe1 Be7 14. d5 Nf8 15. Rad1 Rd8 16. Qe2 h6 17. Be3 Qa5 18. Bd2 Qb6 19. Bc1 Qa5 20. Qe5 Bd6 21. Qd4 exd5 22. Bxh6 Ne6 23. Qh4 Be7 24. Bg5 Nxg5 25. Nxg5 d4 26. Rxe7 dxc3 27. Bh7+ Kf8 28. Rxf7+ Ke8 29.
Re1+ 1-0

[Event "*** Titled Tuesday 3|2 Blitz"]
[Site "Chess.com"]
[Date "2015.05.05"]
[Round "2"]
[White "LuckyTiger"]
[Black "Daniel_Fridman"]
[Result "1/2-1/2"]
[WhiteElo "2486"]
[BlackElo "2627"]
[TimeControl "180+2"]
[EndTime "11:20:43 PDT"]
[Termination "Game drawn by agreement"]

1. e4 c6 2. d4 d5 3. Nc3 dxe4 4. Nxe4 Bf5 5. Ng3 Bg6 6. h4 h6 7. Nf3 e6 8. Ne5 Bh7 9. Bd3 Bxd3 10. Qxd3 Nf6 11.
Bd2 Nbd7 12. Qe2 c5 13. dxc5 Nxe5 14. Qxe5 Rc8 15. Ne4 Nd7 16. Nd6+ Bxd6 17. Qxd6 Nxc5 18. Qxd8+ Kxd8 19. O-O-O Ke7 20. Rh3 Rhd8 21. Rg3 Kf8 22. Rc3 b6 23. Be3 Rxd1+ 24. Kxd1 Rc7 25. Ke2 Ke7 26. h5 Kd7 27. Bd4 f6 28. Rg3 Kd6 29. Bxc5+ Rxc5 30. c3 1/2-1/2

[Event "*** Titled Tuesday 3|2 Blitz"]
[Site "Chess.com"]
[Date "2015.05.05"]
[Round "2"]
[White "cassoulet"]
[Black "9ShMat2"]
[Result "0-1"]
[WhiteElo "2171"]
[BlackElo "2415"]
[TimeControl "180+2"]
[EndTime "11:20:50 PDT"]
[Termination "9ShMat2 won by resignation"]

1. e4 c5 2. Nf3 e6 3. d4 cxd4 4. Nxd4 Bc5 5. Nb3 Bb6 6. Nc3 Ne7 7. Bd3 O-O 8. O-O Nbc6 9. a4 f5 10. Bg5 fxe4 11. Nxe4 d5 12. Ng3 Bd7 13. a5 Bc7 14. Qh5 g6 15. Qh4 Qe8 16. Nc5 Bc8 17. b4 a6 18.
Rae1 Qf7 19. c3 e5 20. Bh6 Re8 21. Qg5 Qf4 22. Qxf4 exf4 23. Ne2 f3 24. Ng3 fxg2 25. Kxg2 Bd6 26. Ne6 Bxe6 27. Rxe6 Be5 28. c4 Nxb4 29. Be2 Bxg3 30. hxg3 Nf5 31. Rxe8+ Rxe8 32. Bd2 Rxe2 33. Bxb4 Ra2 34. Rd1 0-1

[Event "*** Titled Tuesday 3|2 Blitz"]
[Site "Chess.com"]
[Date "2015.05.05"]
[Round "2"]
[White "Imre91"]
[Black "Enozen"]
[Result "0-1"]
[WhiteElo "2553"]
[BlackElo "2485"]
[TimeControl "180+2"]
[EndTime "11:21:05 PDT"]
[Termination "Enozen won by checkmate"]

1. c4 Nf6 2. g3 g6 3. Bg2 Bg7 4.
Nc3 O-O 5. e4 d6 6. Nge2 c5 7.
O-O Nc6 8. d3 Ne8 9. Be3 Nd4 10.
Qd2 Nc7 11. f4 f5 12. Rae1 Rb8 13. Nd5 e6 14. Nxc7 Qxc7 15. exf5 Nxf5 16. Bf2 b5 17.
b3 bxc4 18. dxc4 Bd7 19. Rd1 h5 20. h3 Rb6 21. Nc3 Bc6 22. Rfe1 Bxg2 23. Kxg2 Qb7+ 24. Kh2 Qf7 25. Ne4 Bh6 26. Rf1 Kh7 27. Qe2 Kg8 28. Kg2 Qb7 29. Qf3 Rf7 30. Rde1 Rf8 31. Nd2 Qf7 32. Qe4 Ra6 33. a4 d5 34. Qd3 d4 35.
Nf3 Qb7 36. Kg1 Rb6 37. Rb1 Bg7 38. Rfe1 Rb8 39. Nd2 Ne3 40. Rxe3 dxe3 41. Bxe3 Bf8 42. Qxg6+ Qg7 43. Qxh5 Qxg3+ 44. Kh1 Qxe3 45. Rg1+ Bg7 46. Qg6 R6b7 47. Ne4 Qxh3# 0-1

[Event "*** Titled Tuesday 3|2 Blitz"]
[Site "Chess.com"]
[Date "2015.05.05"]
[Round "2"]
[White "AlexanderL"]
[Black "Tilicheev_Viacheslav"]
[Result "0-1"]
[WhiteElo "2520"]
[BlackElo "2419"]
[TimeControl "180+2"]
[EndTime "11:21:09 PDT"]
[Termination "Tilicheev_Viacheslav won by resignation"]

1. d4 d5 2. c4 e5 3. dxe5 d4 4. Nf3 Nc6 5. a3 Nge7 6. Nbd2 Be6 7. g3 Ng6 8. Bg2 Qd7 9. O-O Be7 10. b4 O-O 11. Bb2 Rad8 12. Nb3 Ngxe5 13. Nxe5 Nxe5 14. Qxd4 Qxd4 15. Nxd4 Nxc4 16. Nxe6 fxe6 17. Bc3 c6 18. a4 Bf6 19. Rfc1 Nd2 20. Bxf6 gxf6 21. Ra2 Nb3 22. Rb1 Nd2 23. Re1 Rf7 24. Rc2 Rfd7 25. b5 cxb5 26. axb5 Nb3 27. e3 b6 28. Bh3 Kf7 29. Rc6 Nc5 30. Kg2 Rd6 31. Ra1 a5 32.
Rxc5 bxc5 33. Rxa5 c4 34. Ra4 Rc8 35. Ra7+ Kg6 36. Re7 c3 37. Bxe6 Rxe6 38. Rxe6 c2 0-1

[Event "*** Titled Tuesday 3|2 Blitz"]
[Site "Chess.com"]
[Date "2015.05.05"]
[Round "2"]
[White "DanielRensch"]
[Black "Recombinant"]
[Result "1/2-1/2"]
[WhiteElo "2265"]
[BlackElo "2143"]
[TimeControl "180+2"]
[EndTime "11:21:13 PDT"]
[Termination "Game drawn by agreement"]

1. d4 Nf6 2. Nc3 d5 3. Bf4 e6 4. e3 Bd6 5. Bg3 O-O 6. Bd3 a6 7. Nf3 c5 8. dxc5 Bxc5 9. O-O Nc6 10. e4 dxe4 11. Nxe4 Nxe4 12. Bxe4 Qxd1 13. Raxd1 f6 14. c3 e5 15. Nd2 Be6 16. Nb3 Be7 17. Bd5 Bxd5 18.
Rxd5 Rfd8 19. Rfd1 Kf7 20. R1d3 Ke6 21. Rxd8 Rxd8 22.
Rxd8 Nxd8 23. Kf1 Kd5 24. Ke2 Ne6 25. f3 b5 26. Bf2 Nc5 27. Nxc5 Bxc5 28. Bxc5 Kxc5 29.
Kd3 f5 30. b3 g5 31. g4 fxg4 32.
fxg4 Kd5 33. Ke3 a5 34. Kd3 h6 35. Ke3 e4 36. h3 a4 37. c4+ bxc4 38. bxa4 c3 39.
a5 Kc5 1/2-1/2

[Event "*** Titled Tuesday 3|2 Blitz"]
[Site "Chess.com"]
[Date "2015.05.05"]
[Round "2"]
[White "HansCoolNiemann"]
[Black "Mvpag"]
[Result "1-0"]
[WhiteElo "1905"]
[BlackElo "1953"]
[TimeControl "180+2"]
[EndTime "11:21:14 PDT"]
[Termination "HansCoolNiemann won by resignation"]

1. d4 d5 2. c4 e6 3. Nf3 Nf6 4. g3 Be7 5. Bg2 Nbd7 6. O-O c5 7. cxd5 exd5 8. Nc3 O-O 9. Bf4 Nb6 10. Nb5 Be6 11.
Nc7 Rc8 12. Nxe6 fxe6 13. Ng5 Qd7 14. Bh3 Rc6 15. Nf3 Bd6 16. Be3 c4 17. Ne5 Bxe5 18.
dxe5 Ne4 19. f3 Nc5 20. f4 Ne4 21. Bg2 Rd8 22. Qc2 Nc5 23. Rad1 Na6 24. a3 Rdc8 25. f5 exf5 26. Bxb6 Rxb6 27. Bxd5+ Kh8 28. e6 Qe7 29. Qxf5 Nc5 30. Qf7 Qxf7 31. exf7 Rf8 32. Bxc4 g6 33. b4 Ne4 34. Rf4 Nd6 35. Bb3 Nf5 36. e4 Ne3 37.
Rd3 g5 38. Rf3 Ng4 39. Rf5 Nh6 40. Rf1 Rc6 41. e5 Kg7 42. e6 Rc7 43. Rfd1 Re7 44. Rd8 Nf5 45. Rxf8 Kxf8 46. Rd8+ 1-0

[Event "*** Titled Tuesday 3|2 Blitz"]
[Site "Chess.com"]
[Date "2015.05.05"]
[Round "2"]
[White "goldaxe"]
[Black "kesarev"]
[Result "1-0"]
[WhiteElo "2191"]
[BlackElo "2181"]
[TimeControl "180+2"]
[EndTime "11:21:18 PDT"]
[Termination "goldaxe won by resignation"]

1. e4 g6 2. d4 Bg7 3. Nc3 c5 4. dxc5 Bxc3+ 5. bxc3 Qa5 6. Nf3 Qxc3+ 7. Bd2 Qxc5 8. Bd3 d6 9. O-O Nd7 10. Rb1 b6 11.
Rb5 Qc7 12. Re1 Ba6 13. Qa1 Ngf6 14. e5 Bxb5 15. exf6 Bxd3 16. Rxe7+ Kd8 17. cxd3 Qc2 18. Bf4 Rc8 19. Ng5 Rf8 20. Nxf7+ Rxf7 21. Rxf7 Kc7 22. h3 Re8 23. Qd4 Qc6 24. Rxh7 Rf8 25. f7 Nc5 26. Qe3 Kd7 27. Bh6 1-0

[Event "*** Titled Tuesday 3|2 Blitz"]
[Site "Chess.com"]
[Date "2015.05.05"]
[Round "2"]
[White "Rijeka1999"]
[Black "AlmirDzhumaev"]
[Result "1-0"]
[WhiteElo "2221"]
[BlackElo "2090"]
[TimeControl "180+2"]
[EndTime "11:21:23 PDT"]
[Termination "Rijeka1999 won by resignation"]

1. e4 e5 2. Nf3 Nc6 3. Bc4 Nf6 4. d3 Bc5 5. O-O d6 6. c3 a6 7. Bb3 h6 8. Nbd2 Be6 9. Re1 Bb6 10. Nf1 Qd7 11. Bc2 Bg4 12. h3 Be6 13. d4 exd4 14. cxd4 d5 15. e5 Ng8 16. a3 Nge7 17.
b4 g5 18. N1h2 g4 19. hxg4 Bxg4 20. Nxg4 Qxg4 21. Bb2 Rg8 22. g3 h5 23. Nh2 Qh3 24. Re3 h4 25. g4 Qxe3 26. fxe3 O-O-O 27. Qf3 Rdf8 28. Qf6 Kb8 29. Rf1 Ka7 30. e6 fxe6 31.
Qxf8 Rxf8 32. Rxf8 e5 33. Nf3 exd4 34. Nxd4 Nxd4 35. Bxd4 Bxd4 36. exd4 Nc6 37. Bb3 Nxd4 38. Bxd5 c6 39. Bg2 Ne2+ 40. Kh2 Nd4 41. g5 Ne6 42. Rf5 Nxg5 43. Rxg5 Kb6 44. Rh5 Ka7 45. Rxh4 Kb6 46. Rh7 Ka7 47. Bxc6 a5 48. Rxb7+ Ka8 49. Rb5+ Ka7 50.
Rxa5+ Kb6 51. Kg3 1-0

[Event "*** Titled Tuesday 3|2 Blitz"]
[Site "Chess.com"]
[Date "2015.05.05"]
[Round "2"]
[White "vovkcoach"]
[Black "Keranke"]
[Result "1-0"]
[WhiteElo "2428"]
[BlackElo "2552"]
[TimeControl "180+2"]
[EndTime "11:21:26 PDT"]
[Termination "vovkcoach won by resignation"]

1. d4 d5 2. c4 c6 3. Nf3 Nf6 4. Nc3 dxc4 5. a4 Bg4 6. Ne5 Bh5 7. h3 e6 8. g4 Bg6 9. Bg2 Bb4 10. O-O Nd5 11. Bd2 a5 12. e4 Nb6 13.
Be3 N8d7 14. f4 f5 15. exf5 exf5 16. d5 Bxc3 17. Nxg6 hxg6 18. dxc6 Bxb2 19. Qe2 Qe7 20. cxd7+ Nxd7 21. Rae1 Bc3 22. Qxc4 Bxe1 23. Rxe1 Kd8 24. Bxb7 Rb8 25. Bb6+ Nxb6 26. Qd4+ Nd7 27. Rxe7 Kxe7 28.
Bc6 Nf6 29. g5 Nh5 30. Qe5+ 1-0

[Event "*** Titled Tuesday 3|2 Blitz"]
[Site "Chess.com"]
[Date "2015.05.05"]
[Round "2"]
[White "GeorgMeier"]
[Black "Aygehovit1992"]
[Result "1-0"]
[WhiteElo "2744"]
[BlackElo "2464"]
[TimeControl "180+2"]
[EndTime "11:21:34 PDT"]
[Termination "GeorgMeier won by resignation"]

1. Nf3 d6 2. g3 g6 3. Bg2 Bg7 4. d4 Nf6 5. O-O O-O 6. b3 a6 7.
Bb2 b5 8. Nbd2 Bb7 9. e4 Nxe4 10. Re1 Nxd2 11. Qxd2 Nd7 12. c4 e6 13. Re2 bxc4 14. bxc4 Rb8 15. Rc1 c5 16. h4 Bxf3 17. Bxf3 cxd4 18.
Bxd4 Bxd4 19. Qxd4 Ne5 20. Bg2 Qc7 21. c5 Rfd8 22.
Ree1 Qa7 23. Red1 Rbc8 24. Qe3 Kg7 25. Rxd6 f6 26. Rxe6 Nf7 27. Qf4 f5 28. Qb4 a5 29.
Qb2+ Kg8 30. Rb6 Qe7 31. Rb7 Qe5 32. Qb3 Qf6 33. Bd5 Rf8 34. Re1 Rxc5 35. Ree7 Rxd5 36. Qxd5 f4 37. Qe6 Qa1+ 38. Kg2 f3+ 39. Kxf3 Qh1+ 40.
Ke2 Qb1 41. Rxb1 1-0

[Event "*** Titled Tuesday 3|2 Blitz"]
[Site "Chess.com"]
[Date "2015.05.05"]
[Round "2"]
[White "megarompa"]
[Black "GMBenjaminBok"]
[Result "1-0"]
[WhiteElo "2675"]
[BlackElo "2424"]
[TimeControl "180+2"]
[EndTime "11:21:34 PDT"]
[Termination "megarompa won by checkmate"]

1. d4 Nf6 2. Bg5 d5 3. Bxf6 gxf6 4. e3 c5 5. Nf3 Nc6 6. c4 cxd4 7. exd4 Bg4 8. Be2 e6 9. cxd5 Qxd5 10. Nc3 Bb4 11. O-O Bxc3 12. bxc3 O-O-O 13. Rb1 Rhg8 14. Kh1 Bf5 15. Rb2 Be4 16. Rg1 Rg7 17. Ne1 e5 18. f3 Bg6 19. Nc2 Bxc2 20. Qxc2 exd4 21. cxd4 Kb8 22. Rgb1 b6 23. Rc1 Nxd4 24. Qc7+ Ka8 25. Ba6 Rgg8 26. Rd2 Qd7 27. Bb7# 1-0

[Event "*** Titled Tuesday 3|2 Blitz"]
[Site "Chess.com"]
[Date "2015.05.05"]
[Round "2"]
[White "MinhGTrAn"]
[Black "ChessTrener"]
[Result "0-1"]
[WhiteElo "2507"]
[BlackElo "2494"]
[TimeControl "180+2"]
[EndTime "11:21:37 PDT"]
[Termination "ChessTrener won by resignation"]

1. d4 Nf6 2. c4 c5 3. d5 b5 4.
cxb5 a6 5. bxa6 Bxa6 6. Nc3 d6 7.
e4 Bxf1 8. Kxf1 Nbd7 9. g3 g6 10. Kg2 Bg7 11. Nf3 O-O 12. Re1 Ng4 13. Qc2 Nge5 14. Nxe5 Nxe5 15. f4 Nc4 16. b3 Qa5 17. e5 Nb6 18. Bd2 c4 19. Qe4 dxe5 20. fxe5 Nd7 21. Qd4 Nxe5 22. Rxe5 cxb3 23. Qe3 Qa3 24. Rxe7 Qb2 25. Rb1 Qxb1 26. Nxb1 bxa2 27. Nc3 a1=Q 28. Re4 Qb2 29. Qd3 Ra3 30. Re2 Rxc3 31. Bxc3 Qxc3 32.
Qxc3 Bxc3 33. Rc2 Be5 34. Kf3 Rd8 35. Ke4 Bd6 36. Rc6 f5+ 37. Kd4 Kf7 38. Kc4 Ke7 39.
Ra6 Rd7 40. Kb5 Rc7 41. Kb6 Rc5 42. Ra7+ Kf6 43. Rd7 Rxd5 44. Kc6 Rd2 45. Rxd6+ Rxd6+ 46. Kxd6 Kg5 47. Ke5 Kg4 48. Kf6 Kh3 49. Kg7 Kxh2 50. Kxh7 Kxg3 0-1

[Event "*** Titled Tuesday 3|2 Blitz"]
[Site "Chess.com"]
[Date "2015.05.05"]
[Round "2"]
[White "dabee"]
[Black "hellokostya"]
[Result "1-0"]
[WhiteElo "2366"]
[BlackElo "2257"]
[TimeControl "180+2"]
[EndTime "11:21:38 PDT"]
[Termination "dabee won by resignation"]

1. d4 Nf6 2. Bg5 d5 3. e3 e6 4. Nf3 c5 5. c3 h6 6. Bf4 Nc6 7. Nbd2 Bd7 8. Bd3 Be7 9. Ne5 Qb6 10. Rb1 a6 11. a3 cxd4 12. exd4 Na5 13. Qe2 Bb5 14.
Bxb5+ Qxb5 15. Qxb5+ axb5 16. Ke2 Nc4 17. Nb3 O-O 18.
f3 Rfc8 19. Bd2 Bd6 20. Nd3 Nd7 21. h4 f6 22. Rhd1 Kf7 23. Bf4 e5 24. dxe5 fxe5 25. Bg3 Re8 26. Nf2 Nf6 27. Nd2 e4 28. Bxd6 Nxd6 29.
fxe4 dxe4 30. Nf1 Nf5 31. Ne3 Nxh4 32. Rh1 Ng6 33. Rbd1 Nf4+ 34. Kf1 Rad8 35. Rxd8 Rxd8 36. Rh4 g5 37. Rxh6 Rd2 38. Rxf6+ Kxf6 39. Nxe4+ Ke5 40.
Nxd2 Nd3 41. b4 Kf4 42. Ke2 Nc1+ 43. Kd1 Na2 44. Nd5+ Ke5 45. Nc7 Nxc3+ 46. Kc2 Ne2 47. Nxb5 g4 48. Nc3 Nd4+ 49. Kd3 Ne6 50. g3 1-0

[Event "*** Titled Tuesday 3|2 Blitz"]
[Site "Chess.com"]
[Date "2015.05.05"]
[Round "2"]
[White "Palacios-LLera"]
[Black "igorkovalenko"]
[Result "0-1"]
[WhiteElo "2103"]
[BlackElo "2494"]
[TimeControl "180+2"]
[EndTime "11:22:11 PDT"]
[Termination "igorkovalenko won by resignation"]

1. d4 Nf6 2. Nf3 g6 3. c3 Bg7 4. Bg5 O-O 5. Nbd2 d5 6. e3 Nbd7 7. b4 Re8 8. Bh4 e5 9. Bg3 e4 10. Ne5 Nh5 11. Nxd7 Bxd7 12. Be2 Nxg3 13. hxg3 b5 14.
Nb3 c6 15. Nc5 a6 16. a4 Bf5 17. Ra3 Bf8 18. Qa1 Bxc5 19. dxc5 Rc8 20. axb5 axb5 21.
O-O h5 22. Qd1 Ra8 23. Qa1 Rxa3 24. Qxa3 Qf6 25. Ra1 Bg4 26. Bf1 Kg7 27. Qc1 h4 28. Qd2 hxg3 29. fxg3 Qe5 30. Qd4 Qxd4 31. cxd4 Re6 32. Ra2 Rf6 33. Be2 Bxe2 34. Rxe2 Kh6 35. Ra2 Kg5 36. Ra6 Kg4 37. Kh2 g5 38. Rb6 Rh6+ 39.
Kg1 Kxg3 40. Rb7 f5 41. Rg7 Kg4 42. Kf2 Rf6 43. g3 Rh6 44. Kg2 Rh8 45. Rg6 Rc8 46.
Rh6 Rc7 47. Rg6 Rc8 48. Rh6 Ra8 49. Rxc6 Ra2+ 50. Kf1 Kf3 51. Kg1 Kxg3 52. Kf1 Kf3 53. Kg1 Kxe3 54. Rg6 Kxd4 55. Rxg5 f4 56. c6 Rc2 57. Rg6 f3 58. Rf6 Ke3 59. Rf5 d4 60. Rc5 Rxc5 61. bxc5 Ke2 62. c7 f2+ 63. Kh2 f1=Q 64.
c8=Q Qf4+ 65. Kg2 d3 66. Qa6 Qg5+ 67. Kh2 Qxc5 68. Qg6 Qf2+ 69. Kh1 Qf3+ 70. Kh2 d2 71. Qg1 Qf2+ 0-1

[Event "*** Titled Tuesday 3|2 Blitz"]
[Site "Chess.com"]
[Date "2015.05.05"]
[Round "2"]
[White "jlandaw"]
[Black "Lupul_Cenusiu"]
[Result "1-0"]
[WhiteElo "2371"]
[BlackElo "2316"]
[TimeControl "180+2"]
[EndTime "11:22:25 PDT"]
[Termination "jlandaw won by resignation"]

1. e4 d6 2. Nc3 g6 3. g3 Bg7 4. Bg2 c6 5. d3 e5 6. f4 Ne7 7. Nh3 O-O 8. O-O Na6 9. f5 gxf5 10. exf5 Bxf5 11. Rxf5 Nxf5 12. Be4 Qb6+ 13. Kh1 Ne3 14. Bxh7+ Kxh7 15. Qh5+ Bh6 16. Na4 Qd4 17. Ng5+ Kg7 18.
Ne4 Rh8 19. Bxe3 Bxe3 20. Qg4+ Kf8 21. Rf1 Rh7 22. Qf5 Rg7 23. Nf6 Qxa4 24. Nd7+ Ke8 25.
Nf6+ Kf8 26. Nd7+ Ke7 27. Qf6+ Kxd7 28. Qxg7 c5 29. Qxf7+ Kc6 30. Qf3+ Kb6 31. Qxe3 Qxc2 32. Rf6 Kc7 33. Rf7+ Kb6 34. Rf6 Rd8 35. Qxe5 Qxd3 36. Qe7 Qd5+ 37. Kg1 Qd1+ 38. Kg2 Qc2+ 39. Rf2 Qc4 40. Qxd8+ Kc6 41. Qe8+ Kb6 42. Qd8+ Kc6 43. Qe8+ Kb6 44. Qe3 Nc7 45. Qb3+ Qxb3 46. axb3 Kc6 47. h4 Ne6 48. h5 b5 49. h6 Ng5 50. Rf5 Nh7 51. g4 c4 52. bxc4 bxc4 53. g5 c3 54. bxc3 Kd7 55. g6 Ke6 56. gxh7 1-0

[Event "*** Titled Tuesday 3|2 Blitz"]
[Site "Chess.com"]
[Date "2015.05.05"]
[Round "2"]
[White "brauliocuarta"]
[Black "esr44"]
[Result "0-1"]
[WhiteElo "2063"]
[BlackElo "2039"]
[TimeControl "180+2"]
[EndTime "11:22:41 PDT"]
[Termination "esr44 won by resignation"]

1. d4 d5 2. c4 e6 3. Nc3 Nf6 4. Bg5 Be7 5. cxd5 exd5 6. e3 c6 7. Bd3 O-O 8. Qc2 h6 9. Bh4 Re8 10. f3 a5 11. Nge2 Na6 12. a3 Bd6 13. Bf2 Qc7 14.
e4 dxe4 15. fxe4 Ng4 16. e5 Nxf2 17. Kxf2 Bf8 18. Ne4 c5 19. Rhf1 Qb6 20. Bxa6 Rxa6 21. dxc5 Qg6 22. Kg1 Rxe5 23. N2g3 Rae6 24. Rae1 Bxc5+ 25. Kh1 Bd7 26. b4 axb4 27. axb4 Bxb4 28. Re2 Bc6 29.
Rf4 f5 30. Qc4 fxe4 31. Qxb4 e3 32. Qf8+ Kh7 33. Nf5 Rf6 34. Qc8 Rexf5 35. Rxf5 Qxf5 36. Qxf5+ Rxf5 37. Kg1 Rf2 38. Rxe3 Rxg2+ 39. Kf1 Rxh2 40.
Re7 Rh5 41. Re3 Rf5+ 42. Ke2 Kg6 43. Kd2 Kf6 44. Rg3 g5 45. Rd3 Rd5 46. Rxd5 Bxd5 0-1

[Event "*** Titled Tuesday 3|2 Blitz"]
[Site "Chess.com"]
[Date "2015.05.05"]
[Round "2"]
[White "alturas_pacificas"]
[Black "AndrewMcStone"]
[Result "1-0"]
[WhiteElo "2138"]
[BlackElo "1990"]
[TimeControl "180+2"]
[EndTime "11:22:42 PDT"]
[Termination "alturas_pacificas won by resignation"]

1. d4 Nf6 2. Bf4 d6 3. e3 g6 4. Nf3 Bg7 5. Be2 O-O 6. O-O c5 7. c3 Be6 8. Nbd2 Nc6 9. h3 Qb6 10. Ng5 Bd5 11. e4 h6 12. exd5 hxg5 13. Nc4 Qc7 14.
Bg3 Nxd5 15. dxc5 Nf4 16. cxd6 exd6 17. Bxf4 gxf4 18. Qxd6 Qxd6 19. Nxd6 Rad8 20. Nxb7 Rd2 21. Bb5 Ne5 22. Rab1 Rb8 23. Ba6 f3 24. Rfd1 Rxd1+ 25. Rxd1 fxg2 26. Kxg2 Kh7 27. Rd8 Rxd8 28. Nxd8 Nd7 29.
Nxf7 Bf6 30. Nd6 Be7 31. Ne4 Kg7 32. Bd3 Nc5 33. Nxc5 Bxc5 34. f3 Kf6 35. Kg3 a5 36. b3 Be3 37. f4 Bd2 38. c4 Bb4 39. Kf3 Ba3 40. Ke4 Bd6 41. Be2 g5 42. fxg5+ Kxg5 43. Kd5 Bb4 44. c5 1-0